 Seeded DCSS version 0.28-a0-1182-g381e24db82 (webtiles) character file.

Game seed: 20211216 (custom seed)

74 flotson the Ducker (level 4, 34/34 HPs)
             Began as a Demonspawn Gladiator on Dec 16, 2021.
             Was an Initiate of Hepliaklqana.
             Quit the game on level 3 of the Dungeon.
             The game lasted 00:03:01 (2162 turns).

flotson the Ducker (Demonspawn Gladiator)           Turns: 2162, Time: 00:03:02

Health: 34/34      AC:  6    Str: 17    XL:     4   Next: 9%
Magic:  4/4        EV: 11    Int:  9    God:    Hepliaklqana [......]
Gold:   0          SH:  0    Dex: 14    Spells: 3/3 levels left

rFire   . . .      SeeInvis .   a - +0 war axe
rCold   . . .      Faith    .   (no shield)
rNeg    . . .      Spirit   .   f - +0 ring mail
rPois   .          Reflect  .   (helmet restricted)
rElec   .          Harm     .   (no cloak)
rCorr   .          Rampage  .   n - +0 pair of gloves
Will    .....                   (no boots)
Stlth   +.........              (no amulet)
HPRegen 0.11/turn               (no ring)
MPRegen 0.09/turn               (no ring)

@: no status effects
A: antennae 1, powered by death 1, demonic magic 1
a: Renounce Religion


You were on level 3 of the Dungeon.
You worshipped Hepliaklqana.
Hepliaklqana was noncommittal.
You visited 1 branch of the dungeon, and saw 3 of its levels.

You collected 11 gold pieces.
You spent 11 gold pieces at shops.

Inventory:

Hand Weapons
 a - a +0 war axe (weapon)
Missiles
 d - 3 throwing nets (quivered)
 g - 16 poisoned darts
Armour
 f - a +0 ring mail (worn)
 n - a +0 pair of gloves (worn)
Scrolls
 b - 4 scrolls of blinking {unknown}
 e - 3 scrolls of identify {unknown}
 h - a scroll of vulnerability {unknown}
 j - 2 scrolls of enchant armour {unknown}
 k - 2 scrolls of fear {unknown}
 l - a scroll of immolation {unknown}
 o - a scroll of teleportation {unknown}
Potions
 i - a potion of degeneration {unknown}
 m - 2 potions of lignification {unknown}


   Skills:
 + Level 2.7 Fighting
 - Level 2.6 Axes
 + Level 2.4 Throwing
 + Level 1.4 Armour
 + Level 3.2 Dodging


You had 3 spell levels left.
You didn't know any spells.
Your spell library was empty.

Dungeon Overview and Level Annotations

Branches:
Dungeon (3/15)

Altars:
Hepliaklqana

Shops:
D:3 ?[*


Innate Abilities, Weirdness & Mutations

You have a pair of small antennae on your head.
You regenerate a little health from kills.
Spells you cast may paralyse adjacent enemies.


Message History

You sense a monster nearby.
You open the door.
The orc shouts!
The orc barely misses you.
An orc is nearby!
The orc barely misses you.
There is an open door here.
You slash the orc!
You kill the orc!
A frilled lizard comes into view.
Found a faded altar of an unknown god.
The frilled lizard hisses angrily.
You miss the frilled lizard. The frilled lizard closely misses you.
You completely miss the frilled lizard.
The frilled lizard barely misses you. x2
You closely miss the frilled lizard.
The frilled lizard bites you but does no damage.
You slash the frilled lizard!
You kill the frilled lizard!
No target in view!
No target in view!
No target in view!
No target in view!
No target in view!
No target in view!
A rat comes into view.
You barely miss the rat. The rat bites you.
You hit the rat.
You kill the rat!
No target in view!
No target in view!
No target in view!
No target in view!
No target in view!
No target in view!
HP restored.
Found Nuukix's Assorted Antiques.
There is an entrance to Nuukix's Assorted Antiques here.
You can access your shopping list by pressing '$'.
Unknown command.
Are you sure you want to abandon this character and quit the game? (Confirm with "yes".)

'..#########.#
# ..#### #.# #
# #.# # ###.##
#+### #....##
o...# ##.#...#
....# #......#
.<..+ #.PPP..#
..### #.P@P..#
..#∩+ #..P..##
.(### #.....#
...# ###..##
...# ##.# ####
#.# #.# #.#
#.#


There were no monsters in sight!

Vanquished Creatures
  3 adders (D:2)
  2 dart slugs
  2 orcs (D:3)
  7 endoplasms
  2 giant cockroaches
  2 goblins
  2 hobgoblins (D:1)
  2 jackals (D:1)
  2 quokkas
  4 ball pythons
  2 bats
  4 frilled lizards
  2 kobolds
  2 rats
38 creatures vanquished.

Vanquished Creatures (others)
  9 plants (D:2)
9 creatures vanquished.

Grand Total: 47 creatures vanquished

Notes
Turn   | Place    | Note
-------+----------+-------------------------------------------
     0 | D:1      | flotson the Demonspawn Gladiator began the quest for the
                  | Orb.
     0 | D:1      | Reached XP level 1. HP: 16/16 MP: 1/1
   198 | D:1      | Gained mutation: You regenerate a little health from kills.
                  | [demonic ancestry]
   198 | D:1      | Reached XP level 2. HP: 22/22 MP: 2/2
   800 | D:2      | Found a hazy altar of Hepliaklqana.
   809 | D:2      | Became a worshipper of Hepliaklqana the Forgotten
   855 | D:2      | Reached skill level 1 in Armour
   855 | D:2      | Reached skill level 3 in Dodging
   953 | D:2      | Gained mutation: Spells you cast may paralyse adjacent
                  | enemies. [demonic ancestry]
   953 | D:2      | Reached XP level 3. HP: 22/28 MP: 3/3
  1500 | D:3      | Found Heqig's Armour Shoppe.
  1753 | D:3      | Found Gemeg's Weapon Shop.
  1812 | D:3      | Found Juecw's Magic Scroll Boutique.
  1816 | D:3      | Bought a scroll of noise for 11 gold pieces
  1985 | D:3      | Gained mutation: You have a pair of small antennae on your
                  | head. [demonic ancestry]
  1985 | D:3      | Reached XP level 4. HP: 34/34 MP: 4/4
  2120 | D:3      | Found a faded altar of an unknown god.
  2152 | D:3      | Found Nuukix's Assorted Antiques.
  2162 | D:3      | Quit the game

Illustrated notes

Levels and vault maps discovered:
D:1:      minmay_arrival_arboretum_small, layout_basic
D:2:      layout_rooms, basic_altar, minmay_misc_feat_four_crosses,
          chequers_serial_rivers_room_b, kennysheep_boxes
D:3:      layout_basic, serial_shops, nicolae_shop_overgrown_old_shop,
          nicolae_shop_window_shopping, nicolae_shop_hallway_stairs, shop,
          basic_ecumenical_altar, serial_curves, eino_curves_03, eino_curves_01,
          minmay_liquid_box

Skill      XL: |  1  2 |
---------------+-------+-----
Throwing       | 2 |  2.4
Armour         | 1 |  1.4
Dodging        | 3 |  3.2
Fighting       | |  2.7
Axes           | |  2.6

Action                   |  1- 3 |  4- 6 || total
-------------------------+-------+-------++-------
Melee: War axe           |   102 |    10 ||   112
Armor: Leather armour    |     5 |       ||     5
       Ring mail         |    44 |     4 ||    48
Dodge: Dodged            |    69 |     5 ||    74

Table legend: (Time is in decaauts)
 A = Elapsed time spent in this place.
 B = Non-inter-level travel time spent in this place.
 C = Inter-level travel time spent in this place.
 D = Time resting spent in this place.
 E = Time spent auto-exploring this place.
 F = Levels seen in this place.
 G = Mean time per level.
                   A        B        C        D        E       F      G
               +--------+--------+--------+--------+--------+-----+--------+
         Total |   2209 |   2126 |     83 |    222 |   1571 |   3 |  736.3 |
       Dungeon |   2209 |   2126 |     83 |    222 |   1571 |   3 |  736.3 |
               +--------+--------+--------+--------+--------+-----+--------+

Top non-repeatable levels by time:
     D:2: 1135 daAuts
     D:1: 643 daAuts
     D:3: 430 daAuts
